 Dungeon Crawl Stone Soup version bcrawl-1.18.1 (webtiles) character file.

Game seed: 14110052557435999319

141 Freyura the Skirmisher (level 5, -3/41 HPs)
             Began as a Demonspawn Fighter on Nov 8, 2019.
             Killed by nerve-wracking pain
             ... invoked by an orc priest
              (12 damage)
             ... on level 3 of the Dungeon.
             The game lasted 00:04:49 (1861 turns).

Freyura the Skirmisher (Demonspawn Fighter)         Turns: 1861, Time: 00:04:49

Health: -3/41      AC:  6    Str: 16    XL:     5   Next: 3%
Magic:  5/5        EV:  7    Int:  9    God:
Gold:   147        SH: 10    Dex: 14    Spells: 4/4 levels left

rFire    . . .     SeeInvis .   a - +0 long sword
rCold    + . .     Gourm    .   c - +0 shield
rNeg     . . .     Faith    .   b - +0 scale mail
rPois    .         Spirit   .   (no helmet)
rElec    .         Reflect  .   (no cloak)
rCorr    .         Harm     .   (no gloves)
MR       .....                  (no boots)
Stlth    ..........             (no amulet)
HPRegen  0.13/turn              (no ring)
MPRegen  0.09/turn              (no ring)

@: no status effects
A: talons 1, cold resistance 1, freezing cloud immunity
a: no special abilities


You were on level 3 of the Dungeon.
You were not hungry.

You visited 1 branch of the dungeon, and saw 3 of its levels.

You collected 147 gold pieces.

Inventory:

Hand Weapons
 a - a +0 long sword (weapon)
Missiles
 m - a throwing net (quivered) {!f}
Armour
 b - a +0 scale mail (worn)
 c - a +0 shield (worn)
Wands
 l - a wand of paralysis (9)
Scrolls
 e - 5 scrolls of identify {unknown}
 g - 3 scrolls of teleportation {unknown}
 k - a scroll of immolation {unknown}
 n - a scroll of remove curse {unknown}
 o - a scroll of noise {unknown}
 p - a scroll of fog {unknown}
Potions
 d - a potion of might
 h - a potion of brilliance {unknown}
 i - 2 potions of resistance {unknown}
 q - a potion of ambrosia {unknown}
Comestibles
 f - 9 rations {!d}


   Skills:
 + Level 3.5 Fighting
 * Level 3.2 Long Blades
 + Level 3.2 Armour
 + Level 1.3 Dodging
 + Level 3.2 Shields


You had 4 spell levels left.
You didn't know any spells.
Your spell library was empty.

Dungeon Overview and Level Annotations

Branches:
Dungeon (3/12)

Altars:
Elyvilon
Wu Jian


Innate Abilities, Weirdness & Mutations

You have sharp toenails.
Your flesh is cold resistant. (rC+)
You are immune to freezing clouds.


Message History

* * * LOW HITPOINT WARNING * * *
Your shield prevents you from hitting the orc priest.
You block the orc priest's attack. x2
You closely miss the orc priest. You claw the orc priest.
The orc priest is lightly wounded.
You block the orc priest's attack.
You hit the orc priest.
The orc priest is moderately wounded.
The orc priest hits you with a +0 trident.
* * * LOW HITPOINT WARNING * * *
Your shield and scale mail prevent you from hitting the orc priest.
You claw the orc priest.
The orc priest is moderately wounded.
The orc priest hits you with a +0 trident.
* * * LOW HITPOINT WARNING * * *
You hit the orc priest.
The orc priest is heavily wounded.
The orc priest mumbles some strange prayers to Beogh against you.
Pain shoots through your body!
You die...

#.#.#.##### .....†.##
# #.#<#.#.## .#
.........## ####.###
#.#.#.#...## ##....(.
...........####...#.#
#.#.#.#....'.).))...#
...........####...#..#
#.#.#.#...## ##@##
.........## #o#
#.#.#.#.## #.#
.......## #.. #.#.#.##
##. .......# ..
#.#.#.### #.
.####...## .# ##
#.....#


You could see an orc priest.

Vanquished Creatures
  An orc priest (D:3)
  Terence (D:2)
  An adder (D:3)
  An ooze (D:1)
  5 worms
  2 dart slugs (D:1)
  3 leopard geckos (D:1)
  2 orcs
  5 giant cockroaches
  5 hobgoblins
  8 kobolds
  A quokka (D:2)
  3 bats
  2 frilled lizards
  7 goblins
  5 rats
52 creatures vanquished.

Notes
Turn   | Place    | Note
-------+----------+-------------------------------------------
     0 | D:1      | Freyura the Demonspawn Fighter began the quest for the Orb.
     0 | D:1      | Reached XP level 1. HP: 18/18 MP: 1/1
   118 | D:1      | Gained mutation: Your flesh is cold resistant. (rC+)
                  | [demonic ancestry]
   118 | D:1      | Reached XP level 2. HP: 24/24 MP: 2/2
   502 | D:1      | Gained mutation: You have sharp toenails. [demonic
                  | ancestry]
   502 | D:1      | Reached XP level 3. HP: 28/29 MP: 3/3
   969 | D:2      | Noticed Terence
   981 | D:2      | Killed Terence
   981 | D:2      | Reached skill level 1 in Dodging
   981 | D:2      | Gained mutation: You are immune to freezing clouds.
                  | [demonic ancestry]
   981 | D:2      | Reached XP level 4. HP: 31/35 MP: 4/4
  1460 | D:2      | Found an ornate altar of the Wu Jian Council.
  1460 | D:2      | Found a white marble altar of Elyvilon.
  1842 | D:3      | Reached XP level 5. HP: 27/41 MP: 5/5
  1861 | D:3      | Killed from afar by an orc priest

Skill      XL: |  1  2  3  4 |
---------------+-------------+-----
Long Blades    | 2 3 |  3.2
Shields        | 3 |  3.2
Armour         | 3 |  3.2
Dodging        | 1 |  1.3
Fighting       | |  3.5

Action                   |  1- 3 |  4- 6 || total
-------------------------+-------+-------++-------
Melee: Long sword        |   118 |    70 ||   188
       Kick              |     9 |    26 ||    35
  Eat: Chunk             |       |     3 ||     3
Armor: Scale mail        |    36 |    20 ||    56
Dodge: Dodged            |    28 |     9 ||    37
Block: Shield            |    51 |    34 ||    85
